 Dungeon Sprint DCSS version 0.25.1-2-g60ff931df9 (webtiles) character file.

Game seed: 17392559689577989142

9900000 ytrimaz the Champion of Chaos (level 27, -64/249 HPs)
             Began as a Gnoll Wanderer on Sept 29, 2020.
             Was the Champion of Makhleb.
             Killed from afar by a wretched soul (99 damage)
             ... with a bolt of negative energy
             ... in the Dungeon (Sprint VIII: "Arena of Blood").
             The game lasted 00:04:34 (99 turns).

ytrimaz the Champion of Chaos (Gnoll Wanderer)        Turns: 99, Time: 00:04:35

Health: -64/249    AC:  4    Str: 22    XL:     27
Magic:  25/54      EV: 32    Int: 18    God:    Makhleb [******]
Gold:   0          SH:  0    Dex: 17    Spells: 80/80 levels left

rFire    . . .     SeeInvis .   k - +∞ Axe of Woe
rCold    . . .     Gourm    .   (shield currently unavailable)
rNeg     . . .     Faith    .   c - +0 robe
rPois    .         Spirit   .   (no helmet)
rElec    .         Reflect  .   (no cloak)
rCorr    .         Harm     .   (no gloves)
MR       ++...     NoTele   +   (no boots)
Stlth    +++++++++.             (no amulet)
HPRegen  0.51/turn              d - +200 ring of slaying
MPRegen  0.34/turn              a - +200 ring of slaying

@: hasted and slowed, drained
A: distributed training, fangs 1, strong nose
a: Minor Destruction, Lesser Servant of Makhleb, Major Destruction, Greater
Servant of Makhleb, Renounce Religion


You were in the Dungeon.
You worshipped Makhleb.
Makhleb was exalted by your worship.
You were not hungry.

You visited 1 branch

Inventory:

Hand Weapons
 k - the +∞ Axe of Woe (weapon)
   (You found it in the Dungeon)
Armour
 c - a +0 robe (worn)
Jewellery
 a - a +200 ring of slaying (right hand)
 d - a +200 ring of slaying (left hand)
Scrolls
 j - a scroll of blinking
Potions
 b - 3 potions of curing
 e - a potion of heal wounds
 h - 2 potions of magic
 i - a potion of berserk rage
Comestibles
 f - a ration


   Skills:
 O Level 27(25.1) Fighting
 O Level 27(25.1) Short Blades
 O Level 27(25.1) Long Blades
 O Level 27(25.1) Axes
 O Level 27(25.1) Maces & Flails
 O Level 27(25.1) Polearms
 O Level 27(25.1) Staves
 O Level 27(25.1) Slings
 O Level 27(25.1) Bows
 O Level 27(25.1) Crossbows
 O Level 27(25.1) Throwing
 O Level 27(25.1) Armour
 O Level 27(25.1) Dodging
 O Level 27(25.1) Stealth
 O Level 27(25.1) Shields
 O Level 27(25.1) Unarmed Combat
 O Level 27(25.1) Spellcasting
 O Level 27(25.1) Conjurations
 O Level 27(25.1) Hexes
 O Level 27(25.1) Charms
 O Level 27(25.1) Summonings
 O Level 27(25.1) Necromancy
 O Level 27(25.1) Translocations
 O Level 27(25.1) Transmutations
 O Level 27(25.1) Fire Magic
 O Level 27(25.1) Ice Magic
 O Level 27(25.1) Air Magic
 O Level 27(25.1) Earth Magic
 O Level 27(25.1) Poison Magic
 O Level 27(25.1) Invocations
 O Level 27(25.1) Evocations


You had 80 spell levels left.
You didn't know any spells.
Your spell library was empty.

Dungeon Overview and Level Annotations

Branches:
Dungeon (1/1)

Altars:
Makhleb


Innate Abilities, Weirdness & Mutations

Your experience applies equally to all skills.
You have very sharp teeth.
Your uncanny sense of smell can sniff out nearby items.


Message History

You feel yourself speed up.
You are engulfed in blazing flames.
The tyrant is engulfed in blazing flames.
The tyrant touches you.
You feel drained.
You feel something staring at you. Something smites you!
The meat beast is engulfed in blazing flames.
The meat beast bites you but does no damage.
The meat beast tramples you but does no damage.
The large abomination closely misses you.
You hear a shout!
The large abomination misses you.
The bag of meat is engulfed in blazing flames.
The meat berserker hits you with a +9 battleaxe!!!
* * * LOW HITPOINT WARNING * * *
A bolt of negative energy appears from out of thin air!
The bolt of negative energy hits the tyrant.
The tyrant completely resists.
The bolt of negative energy hits you!!!!
You feel drained.
You die... ............ .XX........ ..o.XX..... .X..L..... #.XV.%..# . . #%X.x...# .Mo

..###..§.)))###....
......###O2)§.....
......)_XX@o§.oo..
..#%)X)X#Lo..o..
#_%<.L#{☼o....
..#.XX.X#XMXX..#
...XO._..).o....M
....%X###L)....D..
..###.%. .{.###%...
. #.....%∆# ....
#.......#


You could see 3 accurseds, 4 tentacled monstrosities, a meat beast (fast), 4
tyrants, an eight-headed meat hydra, a destroyer, 15 large abominations, 2 meat
berserkers, 9 bags of meat and a crawling corpse.

Vanquished Creatures
  Sigmund (D)
  9 hell beasts (D)
  6 greater mummies (D)
  A great orb of eyes (D)
  2 wraiths (D)
  26 vampire knights (D)
  40 ogres (D)
  10 two-headed ogres (D)
  2 liches (D)
  89 orcs (D)
  4 phantoms (D)
  6 skeletal warriors (D)
  11 large abominations (D)
  11 small abominations (D)
  21 crawling corpses (D)
239 creatures vanquished.

Vanquished Creatures (others)
  5 crawling corpses (D)
5 creatures vanquished.

Grand Total: 244 creatures vanquished

Notes
Turn   | Place    | Note
-------+----------+-------------------------------------------
     0 | D        | Found the +∞ Axe of Woe
     0 | D        | ytrimaz the Gnoll Wanderer began the quest for the Orb.
     0 | D        | ytrimaz set off with the following items: a +2
                  | quarterstaff, 3 potions of curing, a +0 robe, a +0 dagger,
                  | a potion of heal wounds, a ration, a potion of haste, 2
                  | potions of magic, a potion of berserk rage, a scroll of
                  | blinking
     0 | D        | Reached XP level 1. HP: 26/26 MP: 2/2
     1 | D        | Noticed a bag of meat
     3 | D        | Became a worshipper of Makhleb the Destroyer
     6 | D        | Noticed a bag of meat
     6 | D        | Noticed a bag of meat
     7 | D        | Noticed a bag of meat
     8 | D        | Killed a bag of meat
     8 | D        | Reached skill level 10 in Short Blades
     8 | D        | Reached skill level 10 in Long Blades
     8 | D        | Reached skill level 10 in Axes
     8 | D        | Reached skill level 10 in Maces & Flails
     8 | D        | Reached skill level 10 in Polearms
     8 | D        | Reached skill level 10 in Slings
     8 | D        | Reached skill level 10 in Bows
     8 | D        | Reached skill level 10 in Crossbows
     8 | D        | Reached skill level 10 in Throwing
     8 | D        | Reached skill level 10 in Armour
     8 | D        | Reached skill level 10 in Dodging
     8 | D        | Reached skill level 10 in Shields
     8 | D        | Reached skill level 10 in Unarmed Combat
     8 | D        | Reached skill level 10 in Spellcasting
     8 | D        | Reached XP level 2. HP: 40/40 MP: 2/13
     8 | D        | Reached XP level 3. HP: 46/46 MP: 2/15
     8 | D        | Reached XP level 4. HP: 53/53 MP: 2/16
     8 | D        | Reached XP level 5. HP: 59/59 MP: 2/18
     8 | D        | Reached XP level 6. HP: 66/66 MP: 2/19
     8 | D        | Reached XP level 7. HP: 72/72 MP: 2/21
     8 | D        | Reached XP level 8. HP: 79/79 MP: 2/22
     8 | D        | Reached XP level 9. HP: 85/85 MP: 2/23
     8 | D        | Reached XP level 10. HP: 92/92 MP: 2/24
     8 | D        | Reached XP level 11. HP: 98/98 MP: 2/25
     8 | D        | Reached XP level 12. HP: 105/105 MP: 2/26
     8 | D        | Noticed a meat berserker
     8 | D        | Noticed a meat berserker
     8 | D        | Noticed a bag of meat
     8 | D        | Noticed a meat berserker
    10 | D        | Noticed a bag of meat
    11 | D        | Noticed a bag of meat
    11 | D        | Killed a bag of meat
    11 | D        | Reached * piety under Makhleb
    11 | D        | Reached skill level 10 in Conjurations
    11 | D        | Reached skill level 10 in Hexes
    11 | D        | Reached skill level 10 in Charms
    11 | D        | Reached skill level 10 in Summonings
    11 | D        | Reached skill level 10 in Necromancy
    11 | D        | Reached skill level 10 in Translocations
    11 | D        | Reached skill level 10 in Transmutations
    11 | D        | Reached skill level 10 in Fire Magic
    11 | D        | Reached skill level 10 in Ice Magic
    11 | D        | Reached skill level 10 in Air Magic
    11 | D        | Reached skill level 10 in Earth Magic
    11 | D        | Reached skill level 10 in Poison Magic
    11 | D        | Reached XP level 13. HP: 114/114 MP: 2/29
    11 | D        | Noticed a bag of meat
    11 | D        | Noticed a bag of meat
    12 | D        | Killed a meat berserker
    12 | D        | Reached skill level 15 in Staves
    12 | D        | Reached skill level 15 in Stealth
    12 | D        | Reached skill level 15 in Invocations
    12 | D        | Reached XP level 14. HP: 125/125 MP: 3/32
    12 | D        | Killed a meat berserker
    12 | D        | Reached XP level 15. HP: 134/134 MP: 3/35
    12 | D        | Killed a meat berserker
    12 | D        | Reached ** piety under Makhleb
    12 | D        | Reached skill level 15 in Conjurations
    12 | D        | Reached skill level 15 in Hexes
    12 | D        | Reached skill level 15 in Charms
    12 | D        | Reached skill level 15 in Summonings
    12 | D        | Reached skill level 15 in Necromancy
    12 | D        | Reached skill level 15 in Translocations
    12 | D        | Reached skill level 15 in Transmutations
    12 | D        | Reached skill level 15 in Fire Magic
    12 | D        | Reached skill level 15 in Ice Magic
    12 | D        | Reached skill level 15 in Air Magic
    12 | D        | Reached skill level 15 in Earth Magic
    12 | D        | Reached skill level 15 in Poison Magic
    12 | D        | Reached XP level 16. HP: 145/145 MP: 3/37
    14 | D        | Noticed a meat berserker
    16 | D        | Noticed a meat berserker
    16 | D        | Reached XP level 17. HP: 155/155 MP: 4/39
    17 | D        | Reached *** piety under Makhleb
    18 | D        | Noticed a meat berserker
    19 | D        | Killed a meat berserker
    19 | D        | Reached XP level 18. HP: 166/166 MP: 5/42
    20 | D        | Killed a meat berserker
    20 | D        | Reached **** piety under Makhleb
    20 | D        | Reached XP level 19. HP: 176/176 MP: 5/44
    21 | D        | Noticed a meat berserker
    22 | D        | Killed a meat berserker
    22 | D        | Reached ***** piety under Makhleb
    23 | D        | Noticed a large bag of meat
    23 | D        | Noticed a destroyer
    24 | D        | Noticed a destroyer
    24 | D        | Noticed a meat berserker
    25 | D        | Reached XP level 20. HP: 190/190 MP: 6/47
    26 | D        | Killed a destroyer
    28 | D        | Killed a meat berserker
    28 | D        | Reached skill level 27 in Invocations
    28 | D        | Reached XP level 21. HP: 202/202 MP: 7/50
    29 | D        | Noticed a destroyer
    30 | D        | Noticed a large bag of meat
    30 | D        | Noticed a meat berserker
    31 | D        | Noticed a destroyer
    31 | D        | Noticed a destroyer
    32 | D        | Noticed a meat berserker
    32 | D        | Noticed a destroyer
    32 | D        | Noticed a meat berserker
    33 | D        | Killed a large bag of meat
    33 | D        | Reached skill level 27 in Fighting
    33 | D        | Reached skill level 27 in Stealth
    33 | D        | Noticed a meat berserker
    34 | D        | Noticed a destroyer
    34 | D        | Noticed a destroyer
    35 | D        | Killed a meat berserker
    35 | D        | Reached skill level 27 in Short Blades
    35 | D        | Reached skill level 27 in Long Blades
    35 | D        | Reached skill level 27 in Axes
    35 | D        | Reached skill level 27 in Maces & Flails
    35 | D        | Reached skill level 27 in Polearms
    35 | D        | Reached skill level 27 in Staves
    35 | D        | Reached skill level 27 in Slings
    35 | D        | Reached skill level 27 in Bows
    35 | D        | Reached skill level 27 in Crossbows
    35 | D        | Reached skill level 27 in Throwing
    35 | D        | Reached skill level 27 in Armour
    35 | D        | Reached skill level 27 in Dodging
    35 | D        | Reached skill level 27 in Shields
    35 | D        | Reached skill level 27 in Unarmed Combat
    35 | D        | Reached skill level 27 in Spellcasting
    35 | D        | Reached skill level 27 in Evocations
    35 | D        | Reached XP level 22. HP: 130/212 MP: 9/53
    35 | D        | Killed a destroyer
    35 | D        | Reached ****** piety under Makhleb
    36 | D        | Reached skill level 27 in Conjurations
    36 | D        | Reached skill level 27 in Hexes
    36 | D        | Reached skill level 27 in Charms
    36 | D        | Reached skill level 27 in Summonings
    36 | D        | Reached skill level 27 in Necromancy
    36 | D        | Reached skill level 27 in Translocations
    36 | D        | Reached skill level 27 in Transmutations
    36 | D        | Reached skill level 27 in Fire Magic
    36 | D        | Reached skill level 27 in Ice Magic
    36 | D        | Reached skill level 27 in Air Magic
    36 | D        | Reached skill level 27 in Earth Magic
    36 | D        | Reached skill level 27 in Poison Magic
    36 | D        | Reached XP level 23. HP: 219/219 MP: 9/54
    37 | D        | Killed a destroyer
    37 | D        | Reached XP level 24. HP: 227/227 MP: 10/54
    37 | D        | Noticed a destroyer
    38 | D        | Killed a destroyer
    38 | D        | Noticed a large bag of meat
    38 | D        | Noticed a destroyer
    39 | D        | Noticed a large bag of meat
    39 | D        | Noticed a destroyer
    40 | D        | Noticed a destroyer
    40 | D        | Killed a destroyer
    40 | D        | Reached XP level 25. HP: 234/234 MP: 11/54
    40 | D        | Killed a destroyer
    40 | D        | Noticed a large bag of meat
    41 | D        | Reached XP level 26. HP: 242/242 MP: 11/54
    41 | D        | Killed a destroyer
    41 | D        | Reached XP level 27. HP: 249/249 MP: 11/54
    42 | D        | Noticed a large bag of meat
    43 | D        | Killed a destroyer
    45 | D        | Killed a destroyer
    45 | D        | Killed a large bag of meat
    45 | D        | Killed a destroyer
    45 | D        | Noticed a tyrant
    46 | D        | Killed a destroyer
    47 | D        | Killed a large bag of meat
    47 | D        | Killed a destroyer
    47 | D        | Noticed a destroyer
    49 | D        | Noticed a destroyer
    49 | D        | Noticed a destroyer
    49 | D        | Noticed a large bag of meat
    50 | D        | Noticed an accursed
    51 | D        | Killed a large bag of meat
    52 | D        | Killed a destroyer
    52 | D        | Killed a tyrant
    53 | D        | Noticed a destroyer
    53 | D        | Killed a large bag of meat
    53 | D        | Noticed a large bag of meat
    54 | D        | Noticed a tyrant
    54 | D        | Noticed a destroyer
    54 | D        | Noticed a destroyer
    55 | D        | Killed an accursed
    55 | D        | Killed a destroyer
    55 | D        | Noticed an accursed
    55 | D        | Noticed a destroyer
    56 | D        | Killed a large bag of meat
    57 | D        | Noticed The Captor
    59 | D        | Killed a destroyer
    59 | D        | Killed a destroyer
    59 | D        | Noticed a destroyer
    60 | D        | Killed a destroyer
    60 | D        | Noticed a destroyer
    60 | D        | Noticed a destroyer
    60 | D        | Noticed an accursed
    62 | D        | Killed a destroyer
    63 | D        | Noticed a dread
    63 | D        | Killed a dread
    64 | D        | Killed The Captor
    64 | D        | Noticed a destroyer
    65 | D        | Killed a large bag of meat
    65 | D        | Killed a destroyer
    65 | D        | Noticed a large bag of meat
    65 | D        | Noticed a meat beast
    65 | D        | Noticed a destroyer
    65 | D        | Noticed an accursed
    65 | D        | Noticed a meat beast
    67 | D        | Killed a destroyer
    67 | D        | Noticed a meat beast
    67 | D        | Noticed an accursed
    67 | D        | Noticed an accursed
    68 | D        | Killed a destroyer
    68 | D        | Killed a destroyer
    68 | D        | Noticed a destroyer
    69 | D        | Killed a tyrant
    69 | D        | Killed a large bag of meat
    71 | D        | Killed a meat beast
    71 | D        | Killed a destroyer
    71 | D        | Noticed a destroyer
    72 | D        | Killed a meat beast
    72 | D        | Killed a meat beast
    72 | D        | Killed an accursed
    72 | D        | Noticed a meat beast
    74 | D        | Killed a destroyer
    74 | D        | Killed a destroyer
    76 | D        | Noticed a meat beast
    76 | D        | Noticed an accursed
    77 | D        | Killed an accursed
    78 | D        | Noticed a large bag of meat
    79 | D        | Killed a meat beast
    79 | D        | Noticed a tyrant
    80 | D        | Killed a meat beast
    80 | D        | Killed a large bag of meat
    84 | D        | Noticed a dread
    85 | D        | Noticed a meat beast
    85 | D        | Noticed a tyrant
    88 | D        | Noticed a meat beast
    88 | D        | HP: 8/249 [accursed/divine providence (11)]
    89 | D        | Killed an accursed
    89 | D        | Noticed a meat beast
    90 | D        | Killed a meat beast
    90 | D        | Noticed a meat beast
    93 | D        | Killed a meat beast
    94 | D        | Killed a meat beast
    94 | D        | Killed a destroyer
    94 | D        | Noticed a tyrant
    95 | D        | Killed a large bag of meat
    95 | D        | Killed an accursed
    95 | D        | Noticed a meat beast
    96 | D        | Killed a meat beast
    96 | D        | Killed an accursed
    96 | D        | Noticed a destroyer
    97 | D        | Noticed a tyrant
    98 | D        | Killed a dread
    98 | D        | Noticed an accursed
    99 | D        | Noticed an accursed
    99 | D        | Killed from afar by a wretched soul

Illustrated notes

Levels and vault maps discovered:
D:        meatsprint

Skill      XL: |  1  2  3  4  5  6  7  8  9 10 11 12 13 14 15 16 17 18 19 20 21 22 |
---------------+-------------------------------------------------------------------+-----
Fighting       | 13 14 16 17 18 19 21 22 24 26 27 | 27.0
Short Blades   | 10 12 14 16 17 18 20 21 23 25 27 | 27.0
Long Blades    | 10 12 14 16 17 18 20 21 23 25 27 | 27.0
Axes           | 10 12 14 16 17 18 20 21 23 25 27 | 27.0
Maces & Flails | 10 12 14 16 17 18 20 21 23 25 27 | 27.0
Polearms       | 10 12 14 16 17 18 20 21 23 25 27 | 27.0
Staves         | 11 13 15 16 17 18 20 22 24 25 27 | 27.0
Slings         | 10 12 14 16 17 18 20 21 23 25 27 | 27.0
Bows           | 10 12 14 16 17 18 20 21 23 25 27 | 27.0
Crossbows      | 10 12 14 16 17 18 20 21 23 25 27 | 27.0
Throwing       | 10 12 14 16 17 18 20 21 23 25 27 | 27.0
Armour         | 10 12 14 16 17 18 20 21 23 25 27 | 27.0
Dodging        | 10 12 14 16 17 18 20 21 23 25 27 | 27.0
Stealth        | 12 13 15 16 18 19 21 22 24 26 27 | 27.0
Shields        | 10 12 14 16 17 18 20 21 23 25 27 | 27.0
Unarmed Combat | 10 12 14 16 17 18 20 21 23 25 27 | 27.0
Spellcasting   | 10 12 14 16 17 18 20 21 23 25 27 | 27.0
Conjurations   | 9 10 12 13 15 16 17 19 20 22 24 27 | 27.0
Hexes          | 9 10 12 13 15 16 17 19 20 22 24 27 | 27.0
Charms         | 9 10 12 13 15 16 17 19 20 22 24 27 | 27.0
Summonings     | 9 10 12 13 15 16 17 19 20 22 24 27 | 27.0
Necromancy     | 9 10 12 13 15 16 17 19 20 22 24 27 | 27.0
Translocations | 9 10 12 13 15 16 17 19 20 22 24 27 | 27.0
Transmutations | 9 10 12 13 15 16 17 19 20 22 24 27 | 27.0
Fire Magic     | 9 10 12 13 15 16 17 19 20 22 24 27 | 27.0
Ice Magic      | 9 10 12 13 15 16 17 19 20 22 24 27 | 27.0
Air Magic      | 9 10 12 13 15 16 17 19 20 22 24 27 | 27.0
Earth Magic    | 9 10 12 13 15 16 17 19 20 22 24 27 | 27.0
Poison Magic   | 9 10 12 13 15 16 17 19 20 22 24 27 | 27.0
Invocations    | 11 13 15 17 18 19 22 23 25 27 | 27.0
Evocations     | 11 12 14 16 17 18 20 21 23 25 27 | 27.0

Action                   |  1- 3 |  4- 6 |  7- 9 | 10-12 | 13-15 | 16-18 | 19-21 | 22-24 | 25-27 || total
-------------------------+-------+-------+-------+-------+-------+-------+-------+-------+-------++-------
Melee: Executioner's axe |     1 |       |       |     1 |     1 |     5 |     6 |     4 |    54 ||    72
  Use: Potion            |       |       |       |       |       |       |       |       |     1 ||     1
Armor: Robe              |       |       |       |       |       |       |       |       |     2 ||     2
Dodge: Dodged            |       |       |       |       |       |       |     2 |     1 |     9 ||    12
